 Dungeon Crawl Stone Soup version 0.20-a0-454-g2b43fbb (webtiles) character file.

148 HarleyQuinn the Grave Robber (level 5, -2/36 HPs)
             Began as a Demonspawn Necromancer on Jan 8, 2017.
             Slain by a worm (6 damage)
             ... on level 2 of the Dungeon.
             The game lasted 00:08:17 (3580 turns).

HarleyQuinn the Grave Robber (DsNe)                 Turns: 3580, Time: 00:08:18

Health: -2/36      AC:  3    Str: 14    XL:     5   Next: 8%
Magic:  6/10       EV: 12    Int: 17    God:
Gold:   96         SH:  0    Dex: 13    Spells: 3/11 levels left

rFire  . . .     SeeInvis .     e - +0 whip
rCold  . . .     Gourm    +     a - +0 robe
rNeg   . . .     Faith    .     (no shield)
rPois  .         Spirit   .     (helmet restricted)
rElec  .         Reflect  .     (no cloak)
rCorr  .         Harm     .     (no gloves)
MR     .....                    (no boots)
Stlth  +++.......               i - amulet of the gourmand
                                (no ring)
                                (no ring)

@: mighty, lethally poisoned (-2 -> -3)
A: horns 1, rugged brown scales 1, nightstalker 1
a: no special abilities


You were on level 2 of the Dungeon.
You were completely stuffed.

You visited 1 branch of the dungeon, and saw 2 of its levels.

You collected 96 gold pieces.

Inventory:

Hand Weapons
 e - a +0 whip (weapon)
Armour
 a - a +0 robe (worn)
 l - a +0 pair of boots
Jewellery
 i - an amulet of the gourmand (around neck)
Wands
 p - a wand of paralysis (11/24)
Scrolls
 d - a scroll of recharging {unknown}
 h - a scroll of identify {unknown}
 r - a scroll of blinking {unknown}
Potions
 g - a potion of agility {unknown}
 k - a potion of mutation {unknown}
 m - a potion of curing
 n - a potion of flight {unknown}
 q - a potion of lignification {unknown}
 s - 2 potions of degeneration {unknown}
Books
 b - a book of Necromancy

   Spells                             Type                      Level
   a - Pain                           Necromancy                   1
   b - Animate Skeleton               Necromancy                   1
   c - Vampiric Draining              Necromancy                   3
   d - Regeneration                   Charms/Necromancy            3
   e - Animate Dead                   Necromancy                   4
   f - Control Undead                 Necromancy                   4
Comestibles
 c - 2 bread rations
 j - a meat ration
 o - a beef jerky
 t - a chunk of flesh


   Skills:
 - Level 1.7 Dodging
 - Level 1.7 Stealth
 + Level 3.5 Spellcasting
 - Level 6.0 Necromancy


You had 3 spell levels left.
You knew the following spells:

 Your Spells              Type           Power        Failure   Level  Hunger
a - Pain                  Necr           ###.         1%          1    None
b - Regeneration          Chrm/Necr      ##........   17%         3    ###....
c - Animate Dead          Necr           N/A          17%         4    ####...


Dungeon Overview and Level Annotations

Branches:
Dungeon (2/15)

Altars:
Xom
Yredelemnul

Annotations:
D:2 1 runed door


Innate Abilities, Weirdness & Mutations

You have a pair of small horns on your head.
You are partially covered in rugged brown scales. (AC +1, +3% HP)
You are slightly more attuned to the shadows.


Message History

Casting: Pain
Confirm with . or Enter, or press ? or * to list all spells.
Aiming: Pain
Press: ? - help, Shift-Dir - straight line, f/p - worm
Aim: a worm (chance to defeat MR: 88%)
The worm writhes in agony!
The worm bites you!
* * * LOW HITPOINT WARNING * * *
Casting: Pain
Confirm with . or Enter, or press ? or * to list all spells.
Aiming: Pain
Press: ? - help, Shift-Dir - straight line, f/p - worm
Aim: a worm (lightly wounded, chance to defeat MR: 88%)
The worm barely resists.
You feel sick.
You feel sick.
You feel sick.
You feel sick.
A goblin comes into view. It is wielding a dagger.
You feel very mighty all of a sudden.
You feel sick. The worm bites you.
You die...

######.# ###'###......
.......# #.....#......
#..†.# #.....#...... #....#
#.....#...... +....+
#.....####### #....#
#..<....##### #....#
#.......'...< #.##...w#
##......####. #.##...@#
#......# #. #.##....#
##'###.# #. #.##....####
#.# #.####.
#.##.......####.###......
#.##.....................
#.##............###......
#.########..g...# #......
###.########......###......
#..........'......'........


You could see a worm.

Vanquished Creatures
  Terence (D:2)
  Ijyb (D:2)
  3 adders (D:2)
  An ooze (D:2)
  A worm (D:2)
  4 dart slugs
  8 bats
  3 giant cockroaches
  3 hobgoblins
  4 jackals (D:1)
  4 kobolds
  A quokka (D:2)
  4 frilled lizards
  7 goblins
  12 rats
  A spectral orc (D:2)
58 creatures vanquished.

Notes
Turn   | Place    | Note
-------+----------+-------------------------------------------
     0 | D:1      | HarleyQuinn the Demonspawn Necromancer began the quest for the Orb.
     0 | D:1      | Reached XP level 1. HP: 13/13 MP: 3/3
   526 | D:1      | Gained mutation: You are slightly more attuned to the shadows. [demonic ancestry]
   526 | D:1      | Reached XP level 2. HP: 13/19 MP: 0/5
   532 | D:1      | Reached skill level 5 in Necromancy
  1610 | D:1      | Gained mutation: You have a pair of small horns on your head. [demonic ancestry]
  1610 | D:1      | Reached XP level 3. HP: 18/24 MP: 4/6
  1879 | D:1      | Learned a level 3 spell: Regeneration
  2071 | D:2      | Noticed Terence
  2080 | D:2      | Killed Terence
  2080 | D:2      | Reached skill level 6 in Necromancy
  2363 | D:2      | Reached XP level 4. HP: 27/30 MP: 4/7
  2513 | D:2      | Noticed Ijyb
  2634 | D:2      | Killed Ijyb
  3221 | D:2      | Learned a level 4 spell: Animate Dead
  3288 | D:2      | Found a basalt altar of Yredelemnul.
  3323 | D:2      | Found a runed door.
  3403 | D:2      | Found a shimmering altar of Xom.
  3438 | D:2      | Gained mutation: You are partially covered in rugged brown scales. (AC +1, +3% HP) [demonic ancestry]
  3438 | D:2      | Reached XP level 5. HP: 27/36 MP: 10/10
  3580 | D:2      | Slain by a worm

Vault maps used:
D:1:      minmay_arrival_loop, minmay_statues_item
D:2:      yredelemnul_forgotten_temple_becter, tgw_xom, first_bread,
          nrook_uturn, hangedman_decor_clover_reticule, uniq_crazy_yiuf_cottage,
          uniq_iyjb, uniq_terence

Skill      XL: |  1  2  3  4 |
---------------+-------------+-----
Necromancy     | 5 6 |  6.0
Spellcasting   | 3 |  3.5
Dodging        | |  1.7
Stealth        | |  1.7

Action                   |  1- 3 |  4- 6 || total
-------------------------+-------+-------++-------
Melee: Whip              |   121 |    63 ||   184
       Headbutt          |     2 |    10 ||    12
 Cast: Pain              |    21 |    19 ||    40
  Use: Potion            |     2 |     1 ||     3
 Stab: Sleeping          |     3 |     3 ||     6
  Eat: Chunk             |    14 |     4 ||    18
Armor: Robe              |    39 |    15 ||    54
Dodge: Dodged            |   107 |    61 ||   168
